 Dungeon Crawl Stone Soup version 0.24-a0-232-g49d9ff8 (webtiles) character file.

Game seed: 7200100831883618278

76 emperorscorpion the Covered (level 3, -1/29 HPs)
             Began as a Demigod Wanderer on Apr 4, 2019.
             Slain by a phantom (5 damage)
             ... on level 3 of the Dungeon.
             The game lasted 00:07:32 (2770 turns).

emperorscorpion the Covered (Demigod Wanderer)      Turns: 2770, Time: 00:07:32

Health: -1/29      AC:  5    Str: 16    XL:     3   Next: 89%
Magic:  2/8        EV: 16    Int: 19    God:
Gold:   96         SH:  0    Dex: 18    Spells: 5/6 levels left

rFire    + . .     SeeInvis .   a - +0 mace
rCold    + . .     Gourm    .   (no shield)
rNeg     . . .     Faith    .   c - +0 ring mail
rPois    .         Spirit   .   (no helmet)
rElec    .         Reflect  .   b - scarf {rC+ rF+}
rCorr    .         Harm     .   (no gloves)
MR       .....                  (no boots)
Stlth    ++........             o - amulet of magic regeneration
HPRegen  0.09/turn              (no ring)
MPRegen  0.36/turn              (no ring)

@: agile, very slightly contaminated
A: high mp 1
a: no special abilities


You were on level 3 of the Dungeon.
You were hungry.

You visited 1 branch of the dungeon, and saw 4 of its levels.

You collected 96 gold pieces.

Inventory:

Hand Weapons
 a - a +0 mace (weapon)
Missiles
 g - 91 stones (quivered)
 h - 20 poisoned needles
 r - 5 needles of confusion
Armour
 b - a scarf of resistance (worn)
 c - a +0 ring mail (worn)
 n - a +0 cloak
Jewellery
 o - an amulet of magic regeneration (around neck)
Scrolls
 e - 3 scrolls of identify
 i - 2 scrolls of enchant armour {unknown}
 j - 2 scrolls of enchant weapon {unknown}
 k - 3 scrolls of remove curse {unknown}
 p - a scroll of immolation {unknown}
 q - 2 scrolls of magic mapping {unknown}
Miscellaneous
 d - a box of beasts
Comestibles
 f - 9 rations
 m - a chunk of flesh


   Skills:
 + Level 2.2 Fighting
 + Level 1.0 Maces & Flails
 + Level 3.2 Armour
 + Level 0.9 Dodging
 + Level 2.1 Spellcasting
   Level 1.0 Charms
 + Level 0.6 Earth Magic
 + Level 2.1 Evocations


You had 5 spell levels left.
You knew the following spells:

 Your Spells              Type           Power        Failure   Level  Hunger
a - Sandblast             Erth           #.....       24%         1    #......

Your spell library contained the following spells:

 Spells                   Type           Power        Failure   Level  Hunger
 Stone Arrow              Conj/Erth      #.....       63%         3    ###....


Dungeon Overview and Level Annotations

Branches:
Dungeon (4/15)
 Temple: D:4-7


Innate Abilities, Weirdness & Mutations

You have an increased reservoir of magic. (+10% MP)


Message History

You feel a surge of energy from the ground.
The phantom misses you.
Casting: Sandblast (safe; 24% risk of failure)
Confirm with . or Enter, or press ? or * to list all spells.
Aiming: Sandblast (safe; 24% risk of failure)
Press: ? - help, Shift-Dir - straight line, f/p - phantom
Aim: a phantom (severely damaged)
The blast of sand misses the phantom.
g - 92 stones The phantom misses you.
Casting: Sandblast (safe; 24% risk of failure)
Confirm with . or Enter, or press ? or * to list all spells.
Aiming: Sandblast (safe; 24% risk of failure)
Press: ? - help, Shift-Dir - straight line, f/p - phantom
Aim: a phantom (severely damaged)
The blast of sand hits the phantom but does no damage.
The phantom is severely damaged.
g - 91 stones The phantom hits you.
You die...

#.........[.# #.......#
#...........# #.......#
#...........# #.......#
#...........#####.......###
#.....>.................'..
#......#####.####.......##
######.....................
#.......#.W.....(.....
#######.......#@.....##.....
#.............#......# .....
#.............######## ....
#...............# ###
####..<..(..##.# #.#......#
.# #........# # #######+##


You could see a phantom.

Vanquished Creatures
  2 adders (D:3)
  A worm (D:2)
  2 dart slugs (D:1)
  4 leopard geckos
  An orc (D:3)
  2 giant cockroaches
  8 goblins
  7 hobgoblins
  A quokka (D:2)
  5 bats
  6 frilled lizards
  4 kobolds (D:1)
  3 rats
46 creatures vanquished.

Notes
Turn   | Place    | Note
-------+----------+-------------------------------------------
     0 | D:1      | emperorscorpion the Demigod Wanderer began the quest for
                  | the Orb.
     0 | D:1      | emperorscorpion set off with the following items: a +0
                  | club, a +0 ring mail, a box of beasts, a ration; and the
                  | following spell memorised: Sandblast; and the following
                  | spells available to memorise: Stone Arrow
     0 | D:1      | Reached XP level 1. HP: 17/17 MP: 5/5
   360 | D:1      | Reached XP level 2. HP: 22/24 MP: 7/7
  1193 | D:1      | Reached skill level 3 in Armour
  1584 | D:2      | Reached XP level 3. HP: 29/29 MP: 8/8
  1649 | D:2      | You fall through a shaft for 2 floors!
  1679 | D:4      | Noticed a phantom
  1690 | D:3      | Found a shadowy altar of Dithmenos.
  2236 | D:2      | Reached skill level 1 in Maces & Flails
  2770 | D:3      | Slain by a phantom

Levels and vault maps discovered:
D:1:      dpeg_arrival_shelter, layout_basic, minmay_misc_feat_tower
D:2:      layout_loops_ring
D:3:      layout_basic, lemuel_round_altar
D:4:      layout_rooms, lemuel_doored_altar, serial_shops, shop,
          nemelex_lonely_heart_becter

Skill      XL: |  1  2  3 |
---------------+----------+-----
Evocations     | 2 |  2.1
Fighting       | 2 |  2.2
Spellcasting   | 2 |  2.1
Armour         | 3 |  3.2
Maces & Flails | 1 |  1.0
Dodging        | |  0.9
Charms         | |  1.0
Earth Magic    | |  0.6

Action                   || total
-------------------------++-------
Melee: Club              ||    70
       Mace              ||   115
 Cast: Sandblast         ||    26
  Use: Potion            ||     5
       Scroll            ||     3
  Eat: Chunk             ||     6
Armor: Ring mail         ||    93
Dodge: Dodged            ||   139

Table legend:
 A = Non-vault XP
 B = Vault XP
 C = Vault XP percentage of total XP
 D = Non-vault monster count
 E = Vault monster count
 F = Vault count percentage of total count
                 A         B        C        D         E       F
            +---------+---------+-------+---------+---------+-------
      Total |     109 |       0 |   0.0 |      46 |       0 |   0.0
            +---------+---------+-------+---------+---------+-------
        D:1 |      39 |       0 |   0.0 |      23 |       0 |   0.0
        D:2 |      31 |       0 |   0.0 |      14 |       0 |   0.0
        D:3 |      39 |       0 |   0.0 |       9 |       0 |   0.0
            +---------+---------+-------+---------+---------+-------
